 Dungeon Crawl Stone Soup version 0.31.0-32-g396128a36d (webtiles) character file.

Game seed: 7721425716726798501

71 H0rd4k the Charlatan (level 4, -28/29 HPs)
             Began as an Octopode Artificer on Mar 19, 2024.
             Annihilated by an ogre
             ... wielding a +0 giant club
              (38 damage)
             ... on level 3 of the Dungeon.
             The game lasted 00:01:39 (1657 turns).

H0rd4k the Charlatan (Octopode Artificer)           Turns: 1657, Time: 00:01:40

Health: -28/29     AC:  1    Str: 11    XL:     4   Next: 24%
Magic:  4/4        EV: 14    Int: 15    God:
Gold:   128        SH:  0    Dex: 18    Spells: 3/3 levels left

rFire   . .          .
                       - Unarmed
rCold   . . .        (no shield)
rNeg    . . .        (helmet restricted)
rPois   .            (no amulet)
rElec   .            a - ring of willpower
rCorr   .            h - +6 ring of dexterity
SInv    .            (no ring)
Will    +....        (no ring)
Stlth   +++          (no ring)
HPRegen 0.24/turn    (no ring)
MPRegen 0.09/turn    (no ring)
                     (no ring)

%: no passive effects
@: no status effects
A: almost no armour, amphibious, 8 rings, camouflage 1, gelatinous body 1,
(nimble swimmer 1), tentacles
a: no special abilities


You were on level 3 of the Dungeon.
You visited 1 branch of the dungeon, and saw 3 of its levels.

You collected 128 gold pieces.

Inventory:

Missiles
 f - 2 curare-tipped darts
 i - 2 datura-tipped darts
 n - 14 poisoned darts
Jewellery
 a - a ring of willpower (left tentacle)
 h - a +6 ring of dexterity (right tentacle)
Talismans
 k - a maw talisman
Wands
 b - a wand of flame (15) (quivered)
 c - a wand of charming (13)
 d - a wand of iceblast (5)
Scrolls
 e - a scroll of fog {unknown}
 g - a scroll of immolation {unknown}
 m - a scroll of summoning {unknown}
 o - a scroll of torment {unknown}
 p - a scroll of identify {unknown}
Potions
 j - a potion of mutation {unknown}
 l - a potion of curing {unknown}


   Skills:
 + Level 2.0 Fighting
 - Level 2.3 Dodging
 - Level 1.3 Stealth
 + Level 3.2 Unarmed Combat
 - Level 3.2 Evocations


You had 3 spell levels left.
You didn't know any spells.
Your spell library was empty.

Dungeon Overview and Level Annotations

Branches:
Dungeon (3/15)

Altars:


Innate Abilities, Weirdness & Mutations

You cannot wear most types of armour.
You are amphibious.
You can wear up to eight rings at the same time.
Your skin changes colour to match your surroundings (Stealth+).
Your rubbery body absorbs attacks. (AC +1, EV +1)
((You are camouflaged when in or above water. (Stealth+)))
You have tentacles for arms and can constrict up to eight enemies at once.


Message History

A frilled lizard is nearby!
A frilled lizard is nearby!
Found a pair of gloves.
A frilled lizard is nearby!
A frilled lizard is nearby!
The helpless frilled lizard fails to defend itself.
You bludgeon the frilled lizard!
You kill the frilled lizard!
No target in view!
You see here a jackal corpse.
A frilled lizard comes into view.
A frilled lizard is nearby!
The frilled lizard hisses angrily.
A frilled lizard is nearby!
A frilled lizard is nearby!
You tentacle-slap the frilled lizard.
You kill the frilled lizard!
No target in view!
An ogre comes into view. It is wielding a +0 giant club.
An ogre is nearby!
The ogre shouts!
An ogre is nearby!
An ogre is nearby!
You tentacle-slap the ogre.
The ogre is lightly wounded.
The ogre hits you with a +0 giant club!!
Ouch! That really hurt!
You are too injured to fight recklessly!
Aiming: Charm
Press: ? - help, Shift-Dir - straight line, f - ogre
Aim: an ogre, wielding a +0 giant club (lightly wounded, chance to affect: 57%)
The ogre resists with significant effort.
Unknown command.
Aiming: Charm
Press: ? - help, Shift-Dir - straight line, f/p - ogre
Aim: an ogre, wielding a +0 giant club (lightly wounded, chance to affect: 57%)
The ogre resists with significant effort.
The ogre hits you with a +0 giant club!!!
Ouch! That really hurt!
You die...

............#
####.###.#..# .#
......<#.#..# .
####†###.#..# ##.
.......#.#..##.#..
########.#.....#.#
#.#..####.#
#......##O#
#.##.#.##@# ##
#.#.##.# #.#....#
#.###### #.. #.#
##


You could see an ogre.

Vanquished Creatures
  2 adders (D:2)
  A dart slug (D:2)
  2 ribbon worms (D:2)
  An orc (D:2)
  4 ball pythons (D:1)
  6 endoplasms
  A giant cockroach (D:2)
  3 goblins
  3 hobgoblins
  3 jackals (D:3)
  A quokka (D:1)
  5 bats
  3 frilled lizards
  5 kobolds
  2 rats (D:1)
42 creatures vanquished.

Notes
Turn   | Place    | Note
-------+----------+-------------------------------------------
     0 | D:1      | H0rd4k the Octopode Artificer began the quest for the Orb.
     0 | D:1      | Reached XP level 1. HP: 13/13 MP: 1/1
   192 | D:1      | Reached skill level 1 in Unarmed Combat
   192 | D:1      | Reached XP level 2. HP: 18/18 MP: 2/2
   621 | D:2      | Reached XP level 3. HP: 17/24 MP: 3/3
  1392 | D:2      | Reached XP level 4. HP: 19/29 MP: 4/4
  1652 | D:3      | Noticed an ogre
  1657 | D:3      | Annihilated by an ogre

Illustrated notes

Levels and vault maps discovered:
D:1:      dpeg_arrival_central, layout_basic
D:2:      layout_loops_ring, minmay_heptomino_w4
D:3:      gammafunk_steamed_eel, layout_basic, dancing_weapons_uskayaw,
          serial_shops, shop

Skill      XL: |  1  2  3 |
---------------+----------+-----
Unarmed Combat | 1 2 3 |  3.2
Fighting       | 2 |  2.0
Dodging        | |  2.3
Stealth        | |  1.3
Evocations     | |  3.2

Action                     |  1- 3 |  4- 6 || total
---------------------------+-------+-------++-------
  Melee: Unarmed           |    87 |    15 ||   102
         Constrict         |    22 |     3 ||    25
         Tentacles         |    22 |     3 ||    25
         Punch             |     1 |       ||     1
  Evoke: Wand              |       |     2 ||     2
   Stab: Sleeping          |    12 |     1 ||    13
 Armour: Skin              |    37 |    11 ||    48
  Dodge: Dodged            |    50 |    18 ||    68
